 Dungeon Sprint DCSS version 0.30.0-20-g3b4254fcbd (webtiles) character file.

Game seed: 10201408017799216432

400 Groucho the Contemplative (level 7, -2/57 HPs)
             Began as a Formicid Warper on June 2, 2023.
             Was a Priest of Cheibriados.
             Slain by a merfolk
             ... wielding a +0 trident
              (9 damage)
             ... in the Dungeon (Sprint V: "Ziggurat Sprint").
             The game lasted 00:02:46 (452 turns).

Groucho the Contemplative (Formicid Warper)          Turns: 452, Time: 00:02:46

Health: -2/57      AC: 27    Str: 35    XL:     7   Next: 10%
Magic:  15/15      EV:  0    Int: 21    God:    Cheibriados [***...]
Gold:   0          SH:  0    Dex: 20    Spells: 16/16 levels left

rFire   + . .        D - +6 shillelagh "Devastator" {shatter}
rCold   . . .        B - +18 shield of the Gong {Loud rN+ Will+ rCorr EV-5}
rNeg    + . .        A - +15 Maxwell's patent armour {-Cast -Tele rElec Will+ rCorr}
rPois   .            (helmet unavailable)
rElec   +            (no cloak)
rCorr   +            (no gloves)
SInv    +            (no boots)
Will    ++...        G - amulet "Gaubouwn" {RegenMP rF+ Regen+} Stlth
                     y - +6 ring of strength
HPRegen 1.09/turn    z - +6 ring of strength
MPRegen 0.54/turn

%: no spellcasting
@: held, very slow
A: permanent stasis, dig shafts and tunnels, antennae 3, four strong arms
a: Dig, Renounce Religion, Bend Time, Temporal Distortion


You were in the Dungeon.
You worshipped Cheibriados.
Cheibriados was most pleased with you.
You visited 1 branch

Inventory:

Hand Weapons
 C - the +7 great mace "Firestarter" {flame, immolate, rFlCloud rF++}
   (You found it in the Dungeon)

   rFlCloud:  It grants immunity to clouds of flame.
   rF:        It greatly protects you from fire.
 D - the +6 shillelagh "Devastator" (weapon) {shatter}
   (You found it in the Dungeon)
 E - the +10 dark maul {heavy}
   (You found it in the Dungeon)
Missiles
 a - 2 boomerangs
 d - 7 boomerangs of dispersal (quivered)
Armour
 b - a +0 leather armour
 h - +5 gold dragon scales
 A - the +15 Maxwell's patent armour (worn) {-Cast -Tele rElec Will+ rCorr}
   (You found it in the Dungeon)

   rElec:     It insulates you from electricity.
   -Cast:     It prevents spellcasting.
   -Tele:     It prevents most forms of teleportation.
   rCorr:     It protects you from acid and corrosion.
   Will:      It increases your willpower.
 B - the +18 shield of the Gong (worn) {Loud rN+ Will+ rCorr EV-5}
   (You found it in the Dungeon)

   Loud:      It is deafeningly noisy when blocking attacks.
   EV:        It affects your evasion (-5).
   rN:        It protects you from negative energy.
   rCorr:     It protects you from acid and corrosion.
   Will:      It increases your willpower.
Jewellery
 t - a ring of flight
 u - a +6 ring of dexterity
 v - a +6 ring of dexterity
 w - a +6 ring of intelligence
 x - a +6 ring of intelligence
 y - a +6 ring of strength (left hand)
 z - a +6 ring of strength (right hand)
 G - the amulet "Gaubouwn" (around neck) {RegenMP rF+ Regen+}
   (You found it in the Dungeon)

   [amulet of magic regeneration]

   It increases your rate of magic regeneration.
   rF:        It protects you from fire.
   Regen:     It increases your rate of health regeneration.
Wands
 r - a wand of mindburst (29)
 s - a wand of quicksilver (7)
Scrolls
 c - 5 scrolls of blinking
 i - 4 scrolls of amnesia
 j - 7 scrolls of fog
 k - 5 scrolls of identify
 l - 2 scrolls of fear
Potions
 e - 10 potions of curing
 f - 9 potions of heal wounds
 g - 7 potions of magic
 m - 2 potions of brilliance
 n - 2 potions of invisibility
 o - 4 potions of resistance
 p - a potion of experience
 q - 5 potions of might


   Skills:
 + Level 5.8 Fighting
 + Level 5.2 Maces & Flails
 - Level 1.0 Throwing
 + Level 5.5 Armour
 + Level 4.8 Dodging
 + Level 5.4 Spellcasting
 + Level 5.3 Translocations
 * Level 8.4 Invocations


You had 16 spell levels left.
You didn't know any spells.
Your spell library contained the following spells:

 Spells                   Type           Power      Damage    Failure   Level
 Lesser Beckoning         Tloc           56%        N/A       22%         2
 Teleport Other           Tloc           28%        N/A       41%         3
 Manifold Assault         Tloc           28%        N/A       83%         4
 Static Discharge         Conj/Air       10%        2-3/arc   90%         2
 Airstrike                Air            2%         2d(1-17)  100%        4
 Summon Lightning Spire   Summ/Air       5%         N/A       100%        4
 Blink                    Tloc           Unusable   N/A       N/A         2
 Vhi's Electric Charge    Tloc/Air       Unusable   N/A       N/A         3

Dungeon Overview and Level Annotations

Branches:
Dungeon (1/1)

Altars:
Ashenzari
Cheibriados
Dithmenos
Elyvilon
Fedhas
Gozag
Hepliaklqana
Kikubaaqudgha
Makhleb
Nemelex Xobeh
Okawaru
Qazlal
Ru
Sif Muna
Trog
Uskayaw
Vehumet
Wu Jian
Xom
Yredelemnul
Zin
The Shining One
Jiyva
Lugonu

Annotations:
D 1 transporter


Innate Abilities, Weirdness & Mutations

You cannot be hasted, slowed, berserked, paralysed or teleported.
You can dig through walls and to a lower floor.
You have a pair of large antennae on your head. (SInv)
Your four strong arms can wield two-handed weapons with a shield.


Message History

You see here a +0 heavy quarterstaff.
Okay, then.
There is a transporter here.
Welcome to arena 4.
You enter the transporter and appear at another place. 4 merfolk come into view.
The merfolk shouts! x4
The merfolk throws a boomerang.
The boomerang hits you but does no damage.
Found four items.
Found a transporter.
Unknown command.
You block the merfolk's attack.
GONNNNG!
The merfolk hits you but does no damage.
The merfolk hits you with a +0 trident!!
The merfolk throws a throwing net.
The throwing net hits you.
You become entangled in the net!
The merfolk hits you but does no damage.
You see here a throwing net.
Unknown command.
You struggle against the net.
The merfolk hits you but does no damage.
The merfolk hits you from afar with a +0 trident!
The merfolk hits you but does no damage. x2
Unknown command.
Unknown command.
Unknown command.
You struggle against the net.
The merfolk completely misses you.
The merfolk hits you from afar with a +0 trident!
* * * LOW HITPOINT WARNING * * *
The merfolk throws a boomerang.
The boomerang completely misses you.
The merfolk hits you from afar with a +0 trident!
* * * LOW HITPOINT WARNING * * *
Unknown command.
Unknown command.
Unknown command.
You feel much better. The merfolk hits you with a +0 trident!
* * * LOW HITPOINT WARNING * * *
The merfolk hits you from afar with a +0 trident!
You die...

▓..†..▓...÷.▓..©..▓
▓..©..▓..©..▓▓▓▓▓▓▓
▓▓▓▓▓▓▓▓▓▓▓▓▓▓
▓..8©8...▓
▓..):)...▓ {{{
▓...[....▓ { {
▓..mmm...▓
▓........▓
▓.▓.@m.▓.▓
▓...©....▓
▓▓▓▓▓▓▓▓▓▓


{{{{ {{{ You could see 4 merfolk.

Vanquished Creatures
  2 yaks (D)
  A necrophage (D)
  An orc priest (D)
  An iguana (D)
  2 adder skeletons (D)
  An orc (D)
  A bat zombie (D)
9 creatures vanquished.

Notes
Turn   | Place    | Note
-------+----------+-------------------------------------------
     0 | D        | Groucho the Formicid Warper began the quest for the Orb.
     0 | D        | Reached XP level 1. HP: 16/16 MP: 3/3
     6 | D        | Found a blossoming altar of Fedhas.
     7 | D        | Found an opulent altar of Gozag.
     7 | D        | Found a hazy altar of Hepliaklqana.
     7 | D        | Found a viscous altar of Jiyva.
     7 | D        | Found a transporter.
     9 | D        | Became a worshipper of Cheibriados the Contemplative
    11 | D        | Found an ancient bone altar of Kikubaaqudgha.
    12 | D        | Found the +6 Majin-Bo {spellvamp, MP+6 Int+6}
    12 | D        | Found the +27 heavy crossbow "Sniper" {heavy, Acc+∞ SInv}
    12 | D        | Found the +10 dark maul {heavy}
    12 | D        | Found the +15 Maxwell's patent armour {-Cast -Tele rElec
                  | Will+ rCorr}
    12 | D        | Found the +18 shield of the Gong {Loud rN+ Will+ rCorr
                  | EV-5}
    12 | D        | Found the +16 obsidian axe {drain, demonic, Mesm Drain Fly
                  | SInv}
    13 | D        | Found a corrupted altar of Lugonu.
    13 | D        | Found the +7 great mace "Firestarter" {flame, immolate,
                  | rFlCloud rF++}
    13 | D        | Found the +6 shillelagh "Devastator" {shatter}
    13 | D        | Found the +11 plutonium sword {Contam Stlth-}
    13 | D        | Found the +8 lance "Wyrmbane" {slay drac, rPois rF+ rC+
                  | AC+3}
    13 | D        | Found the +9 sword of Zonguldrok {reap}
    13 | D        | Found the +13 scythe of Curses {drain, curses, Drain}
    13 | D        | Found the +9 sword of Power {lifebolt}
    13 | D        | Found the +7 mace of Variability {chaos, chaos arc}
    13 | D        | Found the +11 Singing Sword {sonic wave}
    13 | D        | Found the +8 storm bow {elec, penet}
    15 | D        | Found a burning altar of Makhleb.
    16 | D        | Found a sacrificial altar of Ru.
    16 | D        | Found a shimmering blue altar of Sif Muna.
    16 | D        | Found a stormy altar of Qazlal.
    16 | D        | Found a bloodstained altar of Trog.
    16 | D        | Found an iron altar of Okawaru.
    16 | D        | Found a sparkling altar of Nemelex Xobeh.
    79 | D        | Entered arena 2.
    79 | D        | Noticed an orc priest
    79 | D        | Found a transporter.
    81 | D        | Killed an orc priest
    82 | D        | Reached skill level 3 in Invocations
    82 | D        | Reached XP level 2. HP: 24/24 MP: 3/5
    82 | D        | Reached XP level 3. HP: 29/29 MP: 4/7
   110 | D        | Entered arena 3.
   110 | D        | Noticed a yak
   110 | D        | Noticed a yak
   110 | D        | Found a transporter.
   115 | D        | Reached * piety under Cheibriados
   116 | D        | Reached skill level 4 in Invocations
   116 | D        | Reached XP level 4. HP: 35/35 MP: 9/9
   116 | D        | Killed a yak
   117 | D        | Reached skill level 6 in Invocations
   117 | D        | Reached XP level 5. HP: 43/43 MP: 9/11
   117 | D        | Reached XP level 6. HP: 49/49 MP: 9/12
   117 | D        | Killed a yak
   117 | D        | Reached ** piety under Cheibriados
   118 | D        | Reached skill level 5 in Fighting
   118 | D        | Reached skill level 5 in Armour
   118 | D        | Reached skill level 5 in Spellcasting
   118 | D        | Reached skill level 5 in Translocations
   118 | D        | Reached skill level 7 in Invocations
   310 | D        | Got the amulet "Gaubouwn" {RegenMP rF+ Regen+}
   328 | D        | Entered arena 4.
   328 | D        | Found a transporter.
   331 | D        | Reached *** piety under Cheibriados
   332 | D        | Reached skill level 5 in Maces & Flails
   332 | D        | Reached skill level 8 in Invocations
   332 | D        | Reached XP level 7. HP: 57/57 MP: 13/15
   447 | D        | Entered arena 5.
   447 | D        | Noticed a merfolk
   447 | D        | Noticed a merfolk
   447 | D        | Noticed a merfolk
   447 | D        | Noticed a merfolk
   447 | D        | Found a transporter.
   451 | D        | HP: 2/57 [merfolk/+0 trident (15)]
   452 | D        | Slain by a merfolk

Illustrated notes

Levels and vault maps discovered:
D:        sprint_v [room_start, room_1, room_2, room_3, room_4, room_5, room_6,
          room_7, room_8, room_9, room_10, room_11, room_12, room_13, room_14,
          room_15, room_16, room_17, room_18, room_19, room_20, room_21,
          room_22, room_23, room_24, room_25, room_26, room_27]

Skill      XL: |  1  2  3  4  5  6 |
---------------+-------------------+-----
Fighting       | 3 4 5 |  5.8
Armour         | 2 4 5 |  5.5
Dodging        | 2 4 |  4.8
Translocations | 3 4 5 |  5.3
Invocations    | 3 4 6 8 |  8.4
Spellcasting   | 3 4 5 |  5.4
Maces & Flails | 3 4 5 |  5.2
Throwing       | |  1.0

Action                     |  1- 3 |  4- 6 |  7- 9 || total
---------------------------+-------+-------+-------++-------
  Melee: Shillelagh        |     4 |     4 |       ||     8
    Use: Potion            |       |       |     1 ||     1
 Armour: Plate armour      |       |       |     6 ||     6
  Dodge: Dodged            |       |       |     2 ||     2
  Block: Kite shield       |     7 |     4 |     1 ||    12
